AoeStats
← Joaquito

Hill Fort

505984181Analyzed
4v4 RM · 21d ago on Sep 11, 2026· 28m 14s· 8 players
Game mode
Random Map
Map size
Large (8 player)
Population
200
Speed
Normal
Resources
Standard
Victory
Conquest
Starting age
Dark Age
Ending age
Imperial Age
RankedLock teamsTeams togetherTeam positionsShared explorationLock speedFull tech treeHidden civsTurbo modeCheats
Victory
Defeat
🇦🇷 Burmese · Argentina
1102
+14
🇨🇱 Mongols · Chile
1042
+17
🇨🇱 Bohemians · Chile
1026
+17
🇨🇱 Lithuanians · Chile
956
+21
🇲🇽 Bulgarians · Mexico
1096
-19
🇵🇪 Bohemians · Peru
1084
-18
🇬🇧 Wu · United Kingdom
1058
-17
🇵🇪 Magyars · Peru
992
-15
omAGIar
11:25 Feudal Age
15:52 Castle Age
15:54 Double-Bit Axe
15:53 Horse Collar
17:05 Pikeman
24:02 Bow Saw
27:19 Heavy Plow
27:15 Gold Mining
28:04 Husbandry
28:14 Bloodlines
House of Bebu
11:33 Feudal Age
11:04 Loom
11:17 Loom
12:36 Double-Bit Axe
12:51 Horse Collar
19:11 Castle Age
20:24 Bow Saw
20:18 Heavy Plow
20:17 Stone Mining
21:38 Stone Shaft Mining
20:58 Fletching
23:51 Wheelbarrow
24:48 Hand Cart
26:33 Gold Mining
TooCool Peru
10:12 Feudal Age
14:41 Castle Age
12:55 Double-Bit Axe
13:49 Horse Collar
14:00 Loom
17:16 Bow Saw
18:21 Wheelbarrow
22:37 Heavy Plow
22:37 Pikeman
25:19 Fletching
25:44 Town Watch
26:36 Hand Cart
27:19 Bodkin Arrow
joseemiron
8:02 Loom
10:46 Feudal Age
11:47 Double-Bit Axe
18:26 Wheelbarrow
18:53 Stone Mining
18:54 Gold Mining
23:55 Castle Age
22:10 Scale Mail Armor
24:08 Forging
24:12 Pikeman
25:11 Chain Mail Armor
25:32 Iron Casting
25:11 Bow Saw
25:59 Gambesons
26:01 Arson
Arzzeus
5:30 Loom
9:30 Feudal Age
14:31 Castle Age
14:24 Double-Bit Axe
19:45 Fervor
27:20 Wheelbarrow
26:40 Gold Mining
28:14 Bow Saw
29:05 Hand Cart
Drookns
11:23 Feudal Age
12:26 Loom
15:15 Castle Age
16:01 Double-Bit Axe
15:58 Horse Collar
19:47 Loom
21:59 Chemistry
21:40 Heavy Plow
23:51 Padded Archer Armor
25:08 Leather Archer Armor
25:30 Wheelbarrow
28:19 Hand Cart
Joaquito
10:08 Feudal Age
12:50 Loom
16:05 Castle Age
14:21 Double-Bit Axe
15:09 Stone Mining
19:48 Fletching
19:59 Padded Archer Armor
20:06 Scale Barding Armor
20:21 Gold Mining
20:42 Bow Saw
22:30 Horse Collar
24:33 Bodkin Arrow
25:44 Bloodlines
25:51 Husbandry
Federati
10:44 Feudal Age
11:44 Horse Collar
15:28 Bloodlines
15:59 Forging
18:30 Scale Barding Armor
22:14 Wheelbarrow
25:13 Castle Age
26:00 Husbandry
27:34 Iron Casting
28:00 Chain Barding Armor
28:38 Heavy Plow
Connection lost

Rejoining the realm…

Still unreachable

The connection could not be restored.

Session expired

The server has moved on; the page needs a fresh start.